 Seeded DCSS version 0.30.1-4-g462c640d31 (webtiles) character file.

Game seed: 6351066067085065685 (custom seed)

266 Esekla the Grave Robber (level 6, -11/32 HPs)
             Began as a Deep Elf Necromancer on Aug 26, 2023.
             Was a Follower of Vehumet.
             Mangled by a gnoll
             ... wielding a +0 halberd
             ... led by a gnoll bouda
              (12 damage)
             ... on level 4 of the Dungeon.
             The game lasted 00:18:01 (3025 turns).

Esekla the Grave Robber (Deep Elf Necromancer)      Turns: 3025, Time: 00:18:02

Health: -11/32     AC:  4    Str:  5    XL:     6   Next: 0%
Magic:  15/15      EV: 13    Int: 22    God:    Vehumet [*.....]
Gold:   186        SH:  0    Dex: 15    Spells: 7/15 levels left

rFire   . . .        a - +2 dagger (vamp)
rCold   . . .        (no shield)
rNeg    . . .        n - +0 robe
rPois   .            k - +0 helmet
rElec   .            (no cloak)
rCorr   .            o - +0 pair of gloves
SInv    .            (no boots)
Will    .....        (no amulet)
Stlth   ++           (no ring)
HPRegen 0.25/turn    (no ring)
MPRegen 0.14/turn

%: no passive effects
@: no status effects
A: no striking features
a: Renounce Religion


You were on level 4 of the Dungeon.
You worshipped Vehumet.
Vehumet was aware of your devotion.
You visited 1 branch of the dungeon, and saw 5 of its levels.

You collected 186 gold pieces.

Inventory:

Hand Weapons
 a - a +2 vampiric dagger (weapon)
 r - a +0 spear
 s - the +5 rapier of the Hero {heavy, rN+ Dex+3}
   (You found it on level 3 of the Dungeon)

   Dex:       It affects your dexterity (+3).
   rN:        It protects you from negative energy.
Missiles
 v - 5 poisoned darts (quivered)
Armour
 k - a +0 helmet (worn)
 n - a +0 robe (worn)
 o - a +0 pair of gloves (worn)
Wands
 h - a wand of roots (9)
Scrolls
 c - a scroll of immolation {unknown}
 f - 3 scrolls of identify {unknown}
 l - a scroll of enchant armour {unknown}
 m - a scroll of amnesia {unknown}
 t - a scroll of fog {unknown}
 u - a scroll of blinking {unknown}
Potions
 b - a potion of magic
 d - a potion of ambrosia {unknown}
 e - 2 potions of attraction {unknown}
 g - a potion of haste {unknown}
 i - a potion of curing
 j - a potion of mutation {unknown}
 p - a potion of heal wounds {unknown}
 q - 2 potions of brilliance {unknown}


   Skills:
 + Level 2.2 Short Blades
 * Level 3.8 Dodging
 + Level 3.1 Stealth
 * Level 5.0 Spellcasting
 * Level 5.9 Necromancy
 * Level 1.6 Translocations


You had 7 spell levels left.
You knew the following spells:

 Your Spells              Type           Power      Damage    Failure   Level
a - Necrotise             Necr           100%       1d9       1%          1
b - Sandblast             Erth           10%        2d5       10%         1
d - Vampiric Draining     Necr           31%        2d8       2%          3
t - Teleport Other        Tloc           12%        N/A       16%         3

Your spell library contained the following spells:

 Spells                   Type           Power      Damage    Failure   Level
 Lesser Beckoning         Tloc           24%        N/A       8%          2
 Animate Dead             Necr           31%        N/A       9%          4
 Gell's Gravitas          Tloc           12%        N/A       16%         3
 Agony                    Necr           31%        N/A       24%         5


Dungeon Overview and Level Annotations

Branches:
Dungeon (5/15)
 Temple: D:4-7

Altars:
Hepliaklqana
Okawaru
Qazlal
Trog
Vehumet
Zin
The Shining One

Shops:
D:2 =


Message History

Press: ? - help, Q - select action, (/) - cycle Shift-Dir - straight line, f/p - gnoll
Aim: a gnoll, wielding a +0 halberd (61% to hit)
You throw a poisoned dart. The poisoned dart hits the gnoll.
Throw: 6 darts (poison)
Press: ? - help, Q - select action, (/) - cycle Shift-Dir - straight line, f/p - gnoll
Aim: a gnoll, wielding a +0 halberd (61% to hit)
You throw a poisoned dart.
The poisoned dart closely misses the gnoll.
Found a pair of gloves.
The gnoll misses you. The gnoll closely misses you.
A sourceless malevolence fills the Dungeon... and a teleportation trap spontaneously manifests!
You are yanked towards some nearby monsters!
Your surroundings suddenly seem different.
A gnoll and an orc come into view.
The gnoll shouts!
A gnoll comes into view. It is wielding a +0 flail.
A gnoll comes into view. It is wielding a +0 halberd.
An orc comes into view. It is wielding a +0 hand axe.
The gnoll shouts!
You hear a shout!
A gnoll comes into view. It is wielding a +0 club.
The gnoll shouts!
The orc reads a scroll.
Wisps of shadow swirl around the orc.
The gnoll shouts!
The orc hits you from afar with a +0 trident.
The goblin misses you. The goblin attacks as you move away!
The goblin closely misses you. The dart slug launches a dart at you.
The slug dart hits you.
The gnoll hits you from afar with a +0 halberd.
The goblin closely misses you. The goblin attacks as you move away!
The goblin hits you but does no damage. The gnoll hits you with a +0 halberd!
* * * LOW HITPOINT WARNING * * *
The gnoll barely misses you.
There is a stone staircase leading down here.
The orc hits you from afar with a +0 trident!
* * * LOW HITPOINT WARNING * * *
The gnoll closely misses you. The gnoll hits you with a +0 halberd!
You die...

..... #.######.......#..
.....##.##..........)'..
........##...........#..
..g......##...........#..
......g.K.##...........#..
.......w..w##...........#..
........gog.#.....###...#..
.........g.####'####...#.. #.
........g@................
#.####.....g..####.##........
#.............####.##.....##.
#..[.........................
#..................##....##..
#..................##....##..
#........##........#.........
#........##........#.........
#........#########.#.........


You could see 6 gnolls, 2 dart slugs, an orc, a goblin (summoned) and a kobold
(summoned).

Vanquished Creatures
  A black bear (D:2)
  A hound (D:3)
  An iguana (D:2)
  3 gnolls (D:2)
  3 adders
  A worm (D:4)
  3 dart slugs
  5 orcs
  6 ball pythons
  4 endoplasms
  8 goblins
  5 hobgoblins
  A quokka (D:1)
  4 bats
  3 frilled lizards
  4 kobolds
  A rat (D:2)
54 creatures vanquished.

Notes
Turn   | Place    | Note
-------+----------+-------------------------------------------
     0 | D:1      | Esekla the Deep Elf Necromancer began the quest for the
                  | Orb.
     0 | D:1      | Reached XP level 1. HP: 10/10 MP: 6/6
   273 | D:2      | Noticed a black bear
   339 | D:2      | Found Renulab's Jewellery Shop.
   533 | D:4      | Found a glowing silver altar of Zin.
   546 | D:4      | Found an iron altar of Okawaru.
   558 | D:4      | Found a radiant altar of Vehumet.
   569 | D:4      | Found a glowing golden altar of the Shining One.
   580 | D:4      | Became a worshipper of Vehumet
   645 | D:3      | Reached skill level 5 in Necromancy
   771 | D:3      | Reached XP level 2. HP: 9/15 MP: 8/8
   981 | D:3      | Identified the +5 rapier of the Hero {heavy, rN+ Dex+3}
  1172 | D:5      | Entered Level 5 of the Dungeon
  1494 | D:3      | Found a stormy altar of Qazlal.
  1608 | D:1      | Reached XP level 3. HP: 19/19 MP: 9/9
  1612 | D:1      | Learned a level 3 spell: Vampiric Draining
  1644 | D:1      | Reached * piety under Vehumet
  1644 | D:1      | Offered knowledge of Sandblast by Vehumet.
  1647 | D:1      | Learned a level 1 spell: Sandblast
  1896 | D:1      | Reached skill level 1 in Short Blades
  1914 | D:1      | Learned a level 3 spell: Teleport Other
  2036 | D:2      | Reached XP level 4. HP: 18/24 MP: 2/11
  2197 | D:2      | Found a faded altar of an unknown god.
  2228 | D:2      | Reached skill level 1 in Translocations
  2371 | D:2      | Killed a black bear
  2372 | D:2      | Reached XP level 5. HP: 23/28 MP: 2/13
  2645 | D:3      | Found a hazy altar of Hepliaklqana.
  2645 | D:3      | Found a bloodstained altar of Trog.
  2973 | D:4      | Reached skill level 5 in Spellcasting
  3006 | D:4      | Reached XP level 6. HP: 27/32 MP: 15/15
  3025 | D:4      | HP: 1/32 [orc/+0 trident (7)]
  3025 | D:4      | Mangled by a gnoll

Illustrated notes

Levels and vault maps discovered:
D:1:      sevenhm_arrival_forest_fort_small_3, layout_rooms,
          chequers_serial_rivers_room_b, minmay_misc_feat_five
D:2:      layout_loops_ring, dreamdust_ecumenical_altar_angels_and_demons,
          serial_shops, shop
D:3:      layout_basic, grunt_temple_overflow_open, minmay_misc_feat_iff
D:4:      layout_basic, nicolae_overflow_quartered_altars, serial_shops,
          nicolae_diamond_shop
D:5:      layout_loops_ring, lemuel_doored_altar, minmay_misc_feat_rows,
          dreamdust_wishing_well

Skill      XL: |  1  2  3  4  5 |
---------------+----------------+-----
Necromancy     | 5 |  5.9
Dodging        | 3 |  3.8
Short Blades   | 1 2 |  2.2
Stealth        | 3 |  3.1
Translocations | 1 |  1.6
Spellcasting   | 4 5 |  5.0

Action                     |  1- 3 |  4- 6 || total
---------------------------+-------+-------++-------
  Melee: Short sword       |    23 |       ||    23
         Unarmed           |     9 |       ||     9
         Dagger            |   124 |    50 ||   174
         Punch             |       |     1 ||     1
  Throw: Dart              |       |     7 ||     7
   Cast: Vampiric Draining |     4 |    11 ||    15
    Use: Scroll            |     1 |       ||     1
         Potion            |       |     1 ||     1
   Stab: Sleeping          |     6 |       ||     6
 Armour: Robe              |    35 |     9 ||    44
  Dodge: Dodged            |    93 |    49 ||   142
